 Dungeon Crawl Stone Soup version 0.29.0 (webtiles) character file.

Game seed: 15768170818868131128

75 gelatine the Stinger (level 4, -5/28 (30) HPs)
             Began as a Demonspawn Venom Mage on Aug 24, 2022.
             Slain by Crazy Yiuf
             ... wielding a +3 quarterstaff of chaos
              (7 damage)
             ... on level 3 of the Dungeon.
             The game lasted 00:07:04 (3218 turns).

gelatine the Stinger (Demonspawn Venom Mage)        Turns: 3218, Time: 00:07:07

HP:   -5/28 (30)    AC:  6    Str: 11    XL:     4   Next: 11%
MP:   8/8           EV: 12    Int: 16    God:
Gold: 84            SH:  0    Dex: 13    Spells: 5/8 levels left

rFire   . . .      SeeInvis .   c - +2 dagger (venom)
rCold   . . .      Faith    .   (no shield)
rNeg    . . .      Spirit   .   a - +0 robe
rPois   .          Reflect  .   (no helmet)
rElec   .          Harm     .   j - +0 cloak
rCorr   .          Rampage  .   f - +2 pair of gloves
Will    .....                   (no boots)
Stlth   ++........              (no amulet)
HPRegen 0.09/turn               (no ring)
MPRegen 0.11/turn               (no ring)

@: drained
A: hooves 1, demonic touch 2
a: no special abilities


You were on level 3 of the Dungeon.
You visited 1 branch of the dungeon, and saw 3 of its levels.

You collected 84 gold pieces.

Inventory:

Hand Weapons
 c - a +2 dagger of venom (weapon)
 e - a +3 falchion
Armour
 a - a +0 robe (worn)
 f - a +2 pair of gloves (worn)
 j - a +0 cloak (worn)
Scrolls
 d - 2 scrolls of fog
 l - a scroll of amnesia {unknown}
Potions
 b - a potion of magic
 g - a potion of berserk rage
 h - a potion of degeneration {unknown}
 i - a potion of flight {unknown}
 k - a potion of mutation {unknown}


   Skills:
 + Level 0.1 Fighting
 + Level 0.1 Long Blades
 + Level 2.2 Dodging
 + Level 1.8 Stealth
 + Level 2.7 Spellcasting
 + Level 1.9 Transmutations
 + Level 3.6 Poison Magic


You had 5 spell levels left.
You knew the following spells:

 Your Spells              Type           Power      Damage    Failure   Level
a - Sting                 Tmut/Pois      44%        1d5       6%          1
b - Poisonous Vapours     Pois/Air       14%        N/A       14%         2

Your spell library contained the following spells:

 Spells                   Type           Power      Damage    Failure   Level
 Mephitic Cloud           Conj/Pois/Air  6%         N/A       34%         3
 Olgreb's Toxic Radiance  Pois           13%        N/A       41%         4


Dungeon Overview and Level Annotations

Branches:
Dungeon (3/15)

Altars:

Shops:
D:1 (

Annotations:
D:3 Crazy Yiuf


Innate Abilities, Weirdness & Mutations

You have large cloven feet.
Your touch may inflict irresistible damage on your foes.


Message History

The goblin is severely wounded.
You kill the goblin!
Things that are here:
a +0 sling; a +0 club; a goblin corpse You now have 84 gold pieces (gained 9).
Found a ring mail.
You see here a +0 ring mail.
Found a hammer.
Found a hammer.
Found a hammer.
You see here a +0 hammer.
Found five hammers.
Found a runed translucent door.
You see here a +0 hammer.
Found a hammer.
You see here a +0 hammer.
Crazy Yiuf shouts!
You see here a +0 hammer.
Found three hammers.
You see here a +0 hammer.
You open the door. You closely miss Crazy Yiuf.
You touch Crazy Yiuf!
Crazy Yiuf is heavily wounded.
Crazy Yiuf barely misses you.
You barely miss Crazy Yiuf. Your kick misses Crazy Yiuf.
Crazy Yiuf is heavily wounded.
Crazy Yiuf hits you with a +3 quarterstaff of chaos.
You resist with some effort.
You hit Crazy Yiuf but do no damage.
Crazy Yiuf is poisoned.
Your touch misses Crazy Yiuf.
Crazy Yiuf is heavily wounded.
Crazy Yiuf hits you with a +3 quarterstaff of chaos!
Crazy Yiuf burns you.
You hit Crazy Yiuf but do no damage.
Crazy Yiuf looks as sick as possible!
Your kick misses Crazy Yiuf.
Crazy Yiuf is severely wounded.
Crazy Yiuf hits you with a +3 quarterstaff of chaos!
Ouch! That really hurt!
* * * LOW HITPOINT WARNING * * *
You feel drained.
You die...

#..#### #.########............#
......# #.# #..............#
......# # #..............# #
......#### ##########.....###
)........# #........ ......####
#######..#.#### .......### ###
###)#).#...#..... #....(...#
#)))##))#)......#..... .#.###..##
#.))g@####......#.>... .#.#.....#
#)))### ##.#...#..... .#......##
### ####........ ###.#..##
#####.... ###.#...# #........
.........########## ######...
####.####...#.#...############.#.
.............................#.
#.#.#####.........########..#.#.


You could see Crazy Yiuf (extremely poisoned).

Vanquished Creatures
  2 adders (D:2)
  A worm (D:2)
  2 dart slugs (D:1)
  4 orcs (D:3)
  4 ball pythons
  3 endoplasms
  4 giant cockroaches
  5 goblins
  4 hobgoblins
  3 bats
  5 frilled lizards
  A kobold (D:2)
  6 rats
44 creatures vanquished.

Notes
Turn   | Place    | Note
-------+----------+-------------------------------------------
     0 | D:1      | gelatine the Demonspawn Venom Mage began the quest for the
                  | Orb.
     0 | D:1      | Reached XP level 1. HP: 13/13 MP: 3/3
    76 | D:1      | Found Kimuteeps's Weapon Shop.
   188 | D:1      | Discovered your monstrous ancestry.
   188 | D:1      | Gained mutation: Your touch may inflict minor irresistible
                  | damage on your foes. [demonic ancestry]
   188 | D:1      | Reached XP level 2. HP: 2/19 MP: 0/5
   672 | D:1      | Found a faded altar of an unknown god.
   811 | D:1      | Reached skill level 1 in Transmutations
  1484 | D:2      | Gained mutation: Your touch may inflict irresistible damage
                  | on your foes. [demonic ancestry]
  1484 | D:2      | Reached XP level 3. HP: 11/24 MP: 2/6
  2687 | D:3      | Learned a level 2 spell: Poisonous Vapours
  2917 | D:3      | Gained mutation: You have large cloven feet. [demonic
                  | ancestry]
  2917 | D:3      | Reached XP level 4. HP: 30/30 MP: 3/8
  3210 | D:3      | Found a runed translucent door.
  3211 | D:3      | Noticed Crazy Yiuf
  3218 | D:3      | Slain by Crazy Yiuf

Illustrated notes

Levels and vault maps discovered:
D:1:      nicolae_arrival_somewhat_less_tricky_arrival, layout_rooms,
          basic_ecumenical_altar, serial_shops, nicolae_diamond_shop
D:2:      layout_loops_corners
D:3:      layout_basic, serial_forest, infiniplex_forest_clump_large,
          infiniplex_forest_straight_4, infiniplex_forest_clump_tiny,
          infiniplex_forest_clump_medium, infiniplex_forest_straight_2,
          infiniplex_forest_diagonal, infiniplex_forest_diagonal,
          infiniplex_forest_straight_2, uniq_crazy_yiuf_cottage

Skill      XL: |  1  2 |
---------------+-------+-----
Dodging        | 2 |  2.2
Transmutations | 1 |  1.9
Fighting       | |  0.1
Long Blades    | |  0.1
Stealth        | |  1.8
Spellcasting   | |  2.7
Poison Magic   | |  3.6

Action                   |  1- 3 |  4- 6 || total
-------------------------+-------+-------++-------
Melee: Spear             |    27 |       ||    27
       Unarmed           |     2 |       ||     2
       Falchion          |    17 |       ||    17
       Touch             |     1 |     1 ||     2
       Dagger            |     1 |     9 ||    10
       Kick              |       |     2 ||     2
 Cast: Sting             |    72 |     5 ||    77
       Poisonous Vapours |       |     1 ||     1
  Use: Scroll            |     3 |       ||     3
Armor: Robe              |    22 |     3 ||    25
Dodge: Dodged            |    44 |     3 ||    47
